AoeStats
← Lord Laggington

Black Forest

507285871Analyzed
2v2 RM · 27d ago on Sep 17, 2026· 65m 0s· 4 players
Game mode
Random Map
Map size
Medium (4 player)
Population
200
Speed
Normal
Resources
Standard
Victory
Conquest
Starting age
Dark Age
Ending age
Imperial Age
RankedLock teamsTeams togetherTeam positionsShared explorationLock speedFull tech treeHidden civsTurbo modeCheats
Victory
Defeat
🇩🇪 Mongols · Germany
992
+16
🇩🇪 Persians · Germany
978
+18
vs
🇨🇳 Tatars · China
1000
-51
🇨🇳 Magyars · China
1000
-51
novusb4
1:04 Loom
14:15 Feudal Age
15:53 Double-Bit Axe
15:59 Horse Collar
21:36 Castle Age
20:07 Gold Mining
22:18 Heavy Plow
22:31 Bow Saw
22:59 Wheelbarrow
22:34 Stone Mining
30:09 Hand Cart
30:13 Kamandaran
30:31 Scale Barding Armor
35:46 Imperial Age
33:52 Town Watch
36:30 Conscription
37:21 Two-Man Saw
37:35 Crop Rotation
36:43 Elite War Elephant
38:15 Scale Barding Armor
38:21 Forging
38:41 Citadels
39:11 Caravan
40:36 Chain Barding Armor
40:52 Iron Casting
40:31 Bloodlines
40:22 Husbandry
40:55 Crossbowman
41:40 Thumb Ring
41:29 Elite Skirmisher
43:20 Plate Barding Armor
43:45 Blast Furnace
42:36 Fletching
42:47 Padded Archer Armor
51:28 Chemistry
50:48 Ballistics
51:33 Heavy Camel Rider
57:56 Bodkin Arrow
58:17 Leather Archer Armor
Lord Laggington
9:25 Loom
14:00 Feudal Age
15:05 Horse Collar
15:30 Double-Bit Axe
18:33 Man-at-Arms
22:20 Bloodlines
24:14 Castle Age
25:24 Wheelbarrow
24:35 Town Watch
25:04 Stone Mining
25:32 Gold Mining
29:58 Elite Skirmisher
31:17 Scale Barding Armor
31:05 Fletching
32:51 Husbandry
34:24 Hand Cart
34:59 Heavy Plow
43:00 Imperial Age
43:06 Imperial Age
41:37 Caravan
42:03 Ballistics
41:56 Thumb Ring
42:31 Bow Saw
42:55 Bodkin Arrow
43:02 Padded Archer Armor
43:23 Chain Barding Armor
43:15 Forging
43:21 Masonry
43:51 Town Patrol
43:34 Capped Ram
44:40 Conscription
44:44 Drill
46:46 Parthian Tactics
47:24 Chemistry
46:30 Siege Engineers
46:21 Murder Holes
47:01 Bracer
48:17 Gold Shaft Mining
48:01 Elite Steppe Lancer
48:05 Siege Ram
49:45 Fortified Wall
51:08 Onager
51:19 Heavy Camel Rider
56:53 Iron Casting
60:21 Siege Onager
63:02 Hoardings
65:26 Devotion
爷傲灬奈我何
3:44 Loom
11:38 Feudal Age
12:12 Double-Bit Axe
12:09 Horse Collar
20:58 Castle Age
23:12 Wheelbarrow
23:58 Bow Saw
24:29 Heavy Plow
24:19 Gold Mining
24:19 Stone Mining
24:19 Gold Mining
24:29 Heavy Plow
24:19 Stone Mining
24:19 Gold Mining
27:55 Hand Cart
29:11 Fervor
28:56 Herbal Medicine
31:11 Corvinian Army
34:09 Thumb Ring
38:57 Imperial Age
36:47 Fletching
36:57 Padded Archer Armor
40:59 Parthian Tactics
39:54 Heavy Cavalry Archer
44:16 Elite Magyar Huszar
55:14 Ballistics
56:32 Block Printing
56:33 Pikeman
59:36 Gold Shaft Mining
60:23 Town Watch
61:41 Chemistry
61:13 Town Patrol
61:52 Recurve Bow
64:39 Conscription
64:55 Hoardings
妄青sama
6:38 Loom
9:29 Feudal Age
10:27 Double-Bit Axe
16:43 Horse Collar
20:01 Wheelbarrow
23:33 Castle Age
21:28 Gold Mining
22:19 Stone Mining
22:58 Fletching
23:08 Padded Archer Armor
24:48 Bow Saw
24:34 Crossbowman
25:12 Bodkin Arrow
26:23 Hand Cart
30:43 Leather Archer Armor
30:32 Husbandry
30:43 Bloodlines
33:10 Heavy Plow
34:49 Ballistics
35:07 Treadmill Crane
36:13 Gold Shaft Mining
38:47 Imperial Age
36:36 Town Watch
37:03 Scale Barding Armor
37:08 Forging
37:31 Town Patrol
40:07 Conscription
39:09 Elite Keshik
39:52 Silk Armor
41:16 Timurid Siegecraft
40:35 Light Cavalry
42:00 Pikeman
44:55 Chemistry
45:01 Scale Mail Armor
46:27 Halberdier
47:25 Bracer
47:55 Ring Archer Armor
48:03 Iron Casting
47:49 Chain Barding Armor
48:12 Heavy Cavalry Archer
58:31 Squires
58:18 Arson
63:10 Blast Furnace
62:46 Plate Barding Armor
Connection lost

Rejoining the realm…

Still unreachable

The connection could not be restored.

Session expired

The server has moved on; the page needs a fresh start.